 Dungeon Crawl Stone Soup version 0.30.1 (webtiles) character file.

Game seed: 10158332215771837385

366 Graphine the Covered (level 6, -8/55 HPs)
             Began as an Armataur Fighter on July 7, 2023.
             Was a Believer of Qazlal.
             Killed from afar by Ijyb (14 damage)
             ... with a bolt of dispelling energy
             ... on level 4 of the Dungeon.
             The game lasted 00:06:58 (3069 turns).

Graphine the Covered (Armataur Fighter)             Turns: 3069, Time: 00:06:59

Health: -8/55      AC:  7    Str: 24    XL:     6   Next: 40%
Magic:  6/6        EV:  7    Int:  8    God:    Qazlal [**....]
Gold:   138        SH:  8    Dex:  9    Spells: 5/5 levels left

rFire   + . .        f - +4 dagger
rCold   x . .        c - +1 buckler
rNeg    . . .        b - +0 scale mail
rPois   .            (no helmet)
rElec   .            (no cloak)
rCorr   .            (no gloves)
SInv    .            (no barding)
Will    .....        (no amulet) Stlth
                     g - ring of wizardry
HPRegen 0.29/turn    j - ring of fire
MPRegen 0.10/turn

%: roll, wizardry (x1)
@: invisible (expiring)
A: large, rugged brown scales 3, deformed body, armoured tail, roll, long
tongue, awkward tongue
a: Renounce Religion, Upheaval


You were on level 4 of the Dungeon.
You worshipped Qazlal.
Qazlal was pleased with you.
You visited 1 branch of the dungeon, and saw 4 of its levels.

You collected 138 gold pieces.

Inventory:

Hand Weapons
 a - a +0 flail
 f - a +4 dagger (weapon)
 p - a +0 club
Missiles
 l - 2 throwing nets (quivered)
Armour
 b - a +0 scale mail (worn)
 c - a +1 buckler (worn)
Magical Staves
 m - a staff of cold
Jewellery
 g - a ring of wizardry (left hand)
 j - a ring of fire (right hand)
Wands
 k - a wand of polymorph (6)
Scrolls
 h - a scroll of blinking
Potions
 d - a potion of might
 e - 2 potions of cancellation
 i - a potion of invisibility
 n - a potion of lignification {unknown}
 q - 2 potions of berserk rage {unknown}


   Skills:
 + Level 4.0 Fighting
 + Level 3.4 Maces & Flails
 + Level 5.3 Armour
 + Level 4.8 Shields


You had 5 spell levels left.
You didn't know any spells.
Your spell library was empty.

Dungeon Overview and Level Annotations

Branches:
Dungeon (4/15)
 Temple: D:4-7

Altars:
Gozag
Qazlal
Zin
The Shining One

Annotations:
D:4 Ijyb


Innate Abilities, Weirdness & Mutations

You are completely covered in rugged brown scales. (AC +3, +7% HP)
Armour fits poorly on your strangely shaped body.
You have a long armoured tail.
You roll when moving toward enemies. (Rampage)
Your long tongue fully drains potion bottles. (2x potion effects)
Your tongue gives you trouble enunciating. (1.5x scroll delay)


Message History

You hit the orc.
The orc is heavily wounded.
You block the orc's attack. Something hits you but does no damage.
You fade into invisibility!
You slurp down every last drop of the potion of invisibility!
You block the orc's attack. You block something's attack.
The orc hits you with a +0 club.
You hit the orc but do no damage. You tail-slap the orc.
The orc is severely wounded.
The orc closely misses you. The orc hits you but does no damage.
You block something's attack.
A gnoll comes into view. It is wielding a +0 spear.
You barely miss the orc.
The orc is severely wounded.
The gnoll shouts!
The orc hits you but does no damage. Something hits you.
Ijyb zaps a wand.
You hit the orc. You tail-slap the orc.
You kill the orc!
Qazlal accepts your kill. Something hits you but does no damage.
Ijyb screams, "No!
No, no, no, no!"
You barely miss the orc.
The orc is severely wounded.
The gnoll shouts!
Something hits you but does no damage.
You miss something.
You hear some strange, mumbled words.
A puff of flame appears from out of thin air!
The puff of flame hits you. You resist.
You hit Ijyb.
Your tail-slap misses Ijyb.
Ijyb is lightly wounded.
The gnoll shouts!
Ijyb zaps a wand.
The bolt of dispelling energy hits you!
Your magical effects are unravelling.
* * * LOW HITPOINT WARNING * * *
The orc closely misses you. Something hits you.
* * * LOW HITPOINT WARNING * * *
The orc closely misses you.
Ijyb zaps a wand.
The bolt of dispelling energy hits you!
You die...

...... #.. #....g##
#... #......# #...
#......## ###...
#........
......#######go....##
(........g...........
........go#..o....#
........{@##.<...##
..........########
..........#
###########


You could see Ijyb (unable to see you), a gnoll (wandering, unable to see you)
and an orc (unable to see you).

Vanquished Creatures
  A crimson imp (D:3)
  An orc priest (D:3)
  Natasha (thrice) (D:2)
  2 orc wizards (D:3)
  5 gnolls
  4 adders
  2 worms
  2 dart slugs
  8 orcs
  5 bats
  4 endoplasms
  2 giant cockroaches
  4 goblins
  2 hobgoblins
  9 jackals
  4 quokkas
  7 ball pythons
  4 frilled lizards
  A goblin skeleton (D:3)
  A goblin zombie (D:3)
  2 hobgoblin zombies (D:3)
  3 kobolds
  A kobold skeleton (D:3)
  A kobold zombie (D:3)
  An orc zombie (D:3)
  6 rats
85 creatures vanquished.

Notes
Turn   | Place    | Note
-------+----------+-------------------------------------------
     0 | D:1      | Graphine the Armataur Fighter began the quest for the Orb.
     0 | D:1      | Reached XP level 1. HP: 19/19 MP: 1/1
    33 | D:1      | Found a faded altar of an unknown god.
   119 | D:1      | Reached XP level 2. HP: 26/26 MP: 2/2
   638 | D:1      | Prayed at the altar of an unknown god.
   638 | D:1      | Became a worshipper of Qazlal Stormbringer
   638 | D:1      | Reached * piety under Qazlal
   992 | D:2      | Reached skill level 4 in Armour
   992 | D:2      | Noticed Natasha
   995 | D:2      | Killed Natasha
   996 | D:2      | Reached XP level 3. HP: 26/33 MP: 3/3
  1159 | D:2      | Noticed Natasha
  1172 | D:2      | Killed Natasha
  1173 | D:2      | Reached XP level 4. HP: 27/40 MP: 4/4
  1568 | D:2      | Reached XP level 5. HP: 44/48 MP: 5/5
  1689 | D:2      | Noticed Natasha
  1696 | D:2      | Killed Natasha
  1929 | D:3      | Found a glowing golden altar of the Shining One.
  1940 | D:3      | Reached ** piety under Qazlal
  2156 | D:3      | Found an opulent altar of Gozag.
  2157 | D:3      | Found a glowing silver altar of Zin.
  2414 | D:3      | Reached skill level 5 in Armour
  2438 | D:3      | Reached XP level 6. HP: 45/55 MP: 6/6
  2512 | D:3      | Found a stormy altar of Qazlal.
  3056 | D:4      | Noticed Ijyb
  3069 | D:4      | Killed from afar by Ijyb

Illustrated notes

Levels and vault maps discovered:
D:1:      psy_arrival_basics, layout_basic, nicolae_ecumenical_lake_church,
          hangedman_decor_lopped, kennysheep_crisscross,
          grunt_decor_mini_mirrors
D:2:      layout_basic, uniq_natasha
D:3:      layout_basic, grunt_temple_overflow_gold_and_silver,
          nicolae_tso_besieged_by_evil, mainiacjoe_overflow_catwalk
D:4:      layout_rooms, minmay_temple_entry_glassed_door,
          chequers_ossuary_entry_cave, dk_rats_in_the_wall, uniq_eustachio,
          uniq_ijyb

Skill      XL: |  1  2  3  4  5  6 |
---------------+-------------------+-----
Maces & Flails | 2 3 |  3.4
Armour         | 4 5 |  5.3
Fighting       | 3 4 |  4.0
Shields        | 4 |  4.8

Action                     |  1- 3 |  4- 6 || total
---------------------------+-------+-------++-------
  Melee: Flail             |    28 |       ||    28
         Tailslap          |     6 |    37 ||    43
         Dagger            |    66 |   231 ||   297
    Use: Scroll            |     3 |     5 ||     8
         Potion            |       |     1 ||     1
 Armour: Scale mail        |    53 |    95 ||   148
  Dodge: Dodged            |    43 |    66 ||   109
  Block: Buckler           |    20 |    67 ||    87
